 Dungeon Crawl Stone Soup version 0.24-a0-525-g9231cdcba1 (webtiles) character file.

Game seed: 12675373746698969873

127887 Peloso the Peltast (level 16, 0/149 HPs)
             Began as a Minotaur Fighter on Aug 2, 2019.
             Was a High Priest of Okawaru.
             Slain by a snapping turtle (17 damage)
             ... on level 1 of the Shoals.
             The game lasted 01:39:36 (34942 turns).

Peloso the Peltast (Minotaur Fighter)              Turns: 34942, Time: 01:39:37

Health: 0/149      AC: 29    Str: 27      XL:     16   Next: 47%
Magic:  17/17      EV: 11    Int:  4 (5)  God:    Okawaru [*****.]
Gold:   2275       SH: 19    Dex: 16 (17) Spells: 15/15 levels left

rFire    + . .     SeeInvis +   b - +2 demon blade (freeze)
rCold    + + .     Gourm    .   m - +2 shield of Resistance {rF+ rC+ MR+}
rNeg     . . .     Faith    .   o - +2 plate armour {rC+}
rPois    +         Spirit   .   (helmet restricted)
rElec    .         Reflect  .   G - +4 cloak of Jigsaw {MR- Dex+6}
rCorr    .         Harm     .   i - +0 pair of gloves
MR       +....                  K - +1 pair of boots {Stlth+}
Stlth    ..........             (no amulet)
HPRegen  0.34/turn              U - ring of poison resistance
MPRegen  0.15/turn              c - ring of see invisible

@: slowed, glowing, very slow
A: retaliatory headbutt, horns 2, deterioration 1
a: Heroism, Finesse, Renounce Religion


You were on level 1 of the Shoals.
You worshipped Okawaru.
Okawaru was extremely pleased with you.
You were hungry.

You visited 4 branches of the dungeon, and saw 23 of its levels.
You visited the Abyss 1 time.
You also visited: Gauntlet and Ice Cave.

You collected 2626 gold pieces.
You spent 351 gold pieces at shops.

Inventory:

Hand Weapons
 a - the +6 falchion "Idih Jil" {slice, +Blink rN+ Dex-3 Stlth+}
   (Okawaru gifted it to you on level 12 of the Dungeon)

   It inflicts extra damage upon your enemies.
   It affects your dexterity (-3).
   It protects you from negative energy.
   It lets you blink.
   It makes you more stealthy.
 b - a +2 demon blade of freezing (weapon)
 e - the +9 dagger of the Shark {speed, Str+2}
   (Okawaru gifted it to you on level 1 of the Shoals)

   Attacks with this weapon are significantly faster.
   It affects your strength (+2).
 n - a +3 scimitar of flaming
Armour
 i - a +0 pair of gloves (worn)
 k - a +2 plate armour of magic resistance
 m - the +2 shield of Resistance (worn) {rF+ rC+ MR+}
   (You found it on level 10 of the Dungeon)

   It protects you from fire.
   It protects you from cold.
   It affects your resistance to hostile enchantments.
 o - a +2 plate armour of cold resistance (worn)
 G - the +4 cloak of Jigsaw (worn) {MR- Dex+6}
   (You found it in a Gauntlet)

   It affects your dexterity (+6).
   It affects your resistance to hostile enchantments.
 K - a +1 pair of boots of stealth (worn)
Jewellery
 c - a ring of see invisible (right hand)
 p - an uncursed ring of protection from fire
 F - an uncursed ring of protection from cold
 I - an uncursed ring of protection from magic
 U - a ring of poison resistance (left hand)
Wands
 x - a wand of digging (2)
Scrolls
 d - 7 scrolls of identify
 g - 6 scrolls of teleportation
 j - 15 scrolls of remove curse
 u - 3 scrolls of magic mapping
 y - 2 scrolls of blinking
 B - 4 scrolls of fear
Potions
 s - 4 potions of haste
 w - a potion of resistance
 A - 4 potions of agility
 C - a potion of flight
 E - 3 potions of might
 T - 4 potions of curing
Comestibles
 f - 48 rations


   Skills:
 + Level 15.1 Fighting
 + Level 16.5 Long Blades
   Level 4.1 Polearms
 + Level 15.3 Armour
 + Level 4.3 Dodging
 + Level 1.9 Stealth
 + Level 20.0 Shields
 + Level 3.3 Invocations
 + Level 1.5 Evocations


You had 15 spell levels left.
You didn't know any spells.
Your spell library contained the following spells:

 Spells                   Type           Power        Failure   Level  Hunger
 Animate Skeleton         Necr           N/A          98%         1    ##.....
 Apportation              Tloc           #.....       98%         1    ##.....
 Beastly Appendage        Tmut           #.....       98%         1    ##.....
 Corona                   Hex            #......      98%         1    ##.....
 Flame Tongue             Conj/Fire      #....        98%         1    ##.....
 Pain                     Necr           #...         98%         1    ##.....
 Summon Butterflies       Summ           #.......     98%         1    ##.....
 Passwall                 Tmut/Erth      #.......     99%         2    ###....
 Slow                     Hex            #.......     99%         2    ###....
 Sticks to Snakes         Tmut           #.......     99%         2    ###....
 Inner Flame              Hex/Fire       #.......     100%        3    ####...
 Lesser Beckoning         Tloc           #.........   100%        3    ####...
 Portal Projectile        Hex/Tloc       #.....       100%        3    ####...
 Recall                   Summ/Tloc      N/A          100%        3    ####...
 Regeneration             Chrm/Necr      #.........   100%        3    ####...
 Tukima's Dance           Hex            #.......     100%        3    ####...
 Vampiric Draining        Necr           #.........   100%        3    ####...
 Animate Dead             Necr           N/A          100%        4    #####..
 Cause Fear               Hex            #.........   100%        4    #####..
 Ice Form                 Ice/Tmut       #.......     100%        4    #####..
 Leda's Liquefaction      Hex/Erth       #.........   100%        4    #####..
 Alistair's Intoxication  Tmut/Pois      #.......     100%        5    ######.
 Blade Hands              Tmut           #.........   100%        5    ######.
 Borgnjor's Vile Clutch   Necr/Erth      #.........   100%        5    ######.
 Metabolic Englaciation   Hex/Ice        #.........   100%        5    ######.
 Bolt of Cold             Conj/Ice       #.........   100%        6    #######
 Bolt of Fire             Conj/Fire      #.........   100%        6    #######
 Death Channel            Necr           #.........   100%        6    #######
 Freezing Cloud           Conj/Ice/Air   #.........   100%        6    #######
 Hydra Form               Tmut           #.........   100%        6    #######
 Invisibility             Hex            #.......     100%        6    #######
 Ozocubu's Refrigeration  Ice            #.........   100%        6    #######
 Simulacrum               Ice/Necr       #.........   100%        6    #######
 Dragon Form              Tmut           #.........   100%        7    #######
 Dragon's Call            Summ           #.........   100%        9    #######


Dungeon Overview and Level Annotations

Branches:
Dungeon (14/15)            Temple (0/1) D:7            Lair (6/6) D:8
 Shoals (1/4) Lair:3       Spider (0/4) Lair:4        Slime (0/5) Lair:5
    Orc (2/2) D:12            Elf (0/3) Orc:2        Vaults (0/5) D:13

Altars:
Elyvilon
Fedhas
Okawaru
Qazlal
Sif Muna
Vehumet
Xom
Jiyva

Shops:
Orc:1 ?   Orc:2 !%(:?

Annotations:
Lair:6 1 runed translucent door, xXDeathSunXx's ghost, journeyman MiFi


Innate Abilities, Weirdness & Mutations

You reflexively headbutt those who attack you in melee.
You have a pair of horns on your head.
Your body sometimes deteriorates upon taking damage.


Message History

You block the water elemental's attack.
Unknown command.
You slash the water elemental! You freeze the water elemental.
You destroy the water elemental!
Okawaru accepts your kill.
You gasp with relief as air once again reaches your lungs.
The snapping turtle barely misses you. The snapping turtle bites you!
* * * LOW HITPOINT WARNING * * *
You block the snapping turtle's attack.
Items here: (( )) † a +0 spear; a +0 hunting sling; 21 stones; 2 sling bullets; a faun corpse You barely miss the snapping turtle.
You block the snapping turtle's attack.
Unknown command.
You hit the snapping turtle but do no damage.
Unknown command.
You slice the snapping turtle!! You freeze the snapping turtle!
The snapping turtle is heavily wounded.
The snapping turtle bites you!
You die...

≈≈≈≈≈≈≈.≈)≈≈≈≈≈≈≈........÷..≈.
≈≈≈≈≈.....≈≈≈≈≈≈≈..........≈≈.
≈≈≈≈....#..≈≈≈≈≈...#......≈≈≈≈
≈≈≈≈....##..≈≈≈...##......≈≈≈≈
≈≈≈.....###..≈≈.####....)...≈≈
≈≈≈.....#≈##...(###≈.......#≈≈
≈≈≈......#≈##)(##≈≈........#≈≈
≈≈≈..........)(..............≈
≈≈≈≈.......))@t...............
≈≈≈≈.≈≈≈..............#######.
≈≈≈≈≈≈≈≈..............#
≈≈≈≈≈≈≈≈..............#
≈≈≈≈≈≈≈≈..............#
≈≈≈≈≈≈≈..............#
≈≈≈≈≈≈.............)#
≈≈≈≈≈≈.#########.... ≈≈≈....
..>.


You could see a snapping turtle.

Vanquished Creatures
  2 krakens (Shoals:1)
  Kirke (Lair:4)
  A frost giant (IceCv)
  Louise (D:14)
  Nessos (Lair:5)
  4 dire elephants (Lair:6)
  A minotaur (Gauntlet)
  Azrael (D:14)
  Snorg (D:13)
  An ettin (Orc:1)
  A merfolk impaler (Shoals:1)
  2 fire dragons (D:10)
  9 hydras
  A vault guard (D:13)
  2 centaur warriors
  2 ice dragons (D:10)
  A catoblepas (D:14)
  An anaconda (Lair:6)
  A tengu warrior (Gauntlet)
  17 death yaks
  6 two-headed ogres
  Sonja (D:13)
  5 orc high priests (Orc:2)
  An obsidian statue (Gauntlet)
  3 wizards
  A necromancer (D:13)
  10 orc knights
  A deep elf mage (D:12)
  4 harpies (Shoals:1)
  3 cyclopes
  4 manticores
  6 ugly things
  An orc sorcerer (Orc:1)
  3 fauns (Shoals:1)
  2 merfolk sirens
  16 elephants
  A water nymph (Shoals:1)
  13 spiny frogs
  A centaur zombie (D:14)
  2 gargoyles
  3 minotaur zombies (Gauntlet)
  3 kobold demonologists (D:12)
  9 komodo dragons
  2 ice devils (D:11)
  An efreet (D:14)
  A tengu conjurer (Gauntlet)
  4 trolls
  A hornet (shapeshifter) (D:14)
  6 merfolk (Shoals:1)
  14 polar bears (IceCv)
  5 slime creatures
  8 hippogriffs
  3 hornets
  23 blink frogs
  5 large abominations (D:12)
  A wraith (D:12)
  2 wyverns
  A ynoxinul (Abyss:2)
  44 yaks
  3 redbacks (Lair:4)
  21 humans (D:13)
  Eustachio (D:6)
  5 water elementals (Shoals:1)
  3 fire elementals (D:14)
  6 basilisks
  A hungry ghost (D:8)
  3 hogs (Lair:4)
  4 vampire mosquitoes
  6 wargs
  17 water moccasins
  4 hell hounds (D:14)
  13 porcupines
  5 black bears
  44 orc warriors
  4 phantoms
  4 ice beasts
  5 sky beasts
  A hornet zombie (D:13)
  14 ogres
  19 wolves
  7 centaurs
  A necrophage (D:8)
  11 crocodiles
  7 big kobolds
  14 bullfrogs
  7 small abominations (D:12)
  2 scorpions
  18 killer bees
  27 wights
  An electric eel (Lair:3)
  4 howler monkeys
  10 crimson imps
  2 bullfrog zombies
  2 quasits
  34 orc priests
  5 hounds
  5 iguanas
  2 jellies
  35 orc wizards
  2 bullfrog skeletons
  4 centaur skeletons
  Crazy Yiuf (D:6)
  8 worker ants
  5 hell rats (Lair:3)
  A killer bee zombie (D:6)
  2 centaur simulacra
  A hound zombie (D:5)
  2 hound skeletons (D:5)
  2 worker ant zombies
  13 adders
  4 gnolls (D:8)
  A howler monkey skeleton (D:7)
  4 shadow imps
  A white imp (Abyss:2)
  A worker ant simulacrum (D:11)
  2 ufetubi (D:11)
  2 adder zombies
  2 adder skeletons
  2 worms (D:2)
  A dart slug (D:2)
  8 leopard geckos
  87 orcs
  8 bats
  2 giant cockroaches
  10 goblins
  9 hobgoblins
  18 jackals
  4 quokkas
  4 ball pythons
  5 frilled lizards
  A jackal skeleton (D:4)
  33 kobolds
  2 quokka skeletons
  A quokka zombie (D:7)
  5 rats
  A fungus (Lair:2)
  5 plants
  3 tentacles (Shoals:1)
915 creatures vanquished.

Vanquished Creatures (others)
  2 polar bears (IceCv)
  A yak (IceCv)
  2 humans (Lair:4)
  A wolf (IceCv)
  A bush (Lair:3)
  7 fungi
  7 plants
  11 tentacles (Shoals:1)
32 creatures vanquished.

Grand Total: 947 creatures vanquished

Notes
Turn   | Place    | Note
-------+----------+-------------------------------------------
     0 | D:1      | Peloso the Minotaur Fighter began the quest for the Orb.
     0 | D:1      | Reached XP level 1. HP: 19/19 MP: 0/0
    25 | D:1      | You fall into a shaft and drop 1 floor!
    46 | D:2      | Reached XP level 2. HP: 26/27 MP: 1/1
    93 | D:2      | Reached skill level 4 in Shields
   117 | D:2      | Reached XP level 3. HP: 15/33 MP: 2/2
   468 | D:2      | Reached XP level 4. HP: 18/40 MP: 3/3
  2252 | D:3      | Found a blossoming altar of Fedhas.
  2422 | D:3      | Noticed a hippogriff
  2436 | D:3      | Found a deep blue altar of Sif Muna.
  2700 | D:3      | Killed a hippogriff
  2700 | D:3      | Reached skill level 5 in Armour
  2700 | D:3      | Reached skill level 5 in Shields
  2700 | D:3      | Reached XP level 5. HP: 16/47 MP: 4/4
  2700 | D:3      | Reached XP level 6. HP: 19/55 MP: 5/5
  3309 | D:4      | Found a shimmering altar of Xom.
  3310 | D:4      | Found a shimmering altar of Xom.
  3310 | D:4      | Found a shimmering altar of Xom.
  3802 | D:4      | Reached skill level 5 in Fighting
  3802 | D:4      | Reached skill level 5 in Long Blades
  3802 | D:4      | Reached skill level 1 in Dodging
  4262 | D:5      | Entered Level 5 of the Dungeon
  4287 | D:5      | Reached XP level 7. HP: 61/61 MP: 6/6
  4373 | D:5      | Reached skill level 6 in Shields
  4589 | D:5      | Reached XP level 8. HP: 33/68 MP: 7/7
  5321 | D:6      | Found a runed translucent door.
  5322 | D:6      | Noticed Crazy Yiuf
  5615 | D:6      | Reached skill level 7 in Shields
  5719 | D:6      | Noticed Eustachio
  5728 | D:6      | Killed Eustachio
  5750 | D:6      | Found a white marble altar of Elyvilon.
  5751 | D:6      | Found a stormy altar of Qazlal.
  5751 | D:6      | Found a blossoming altar of Fedhas.
  6123 | D:6      | Killed Crazy Yiuf
  6241 | D:7      | Found an iron altar of Okawaru.
  6252 | D:7      | Became a worshipper of Warmaster Okawaru
  6482 | D:7      | Reached XP level 9. HP: 42/75 MP: 8/8
  6495 | D:7      | Reached * piety under Okawaru
  6509 | D:7      | Reached skill level 8 in Shields
  6971 | D:7      | Found a staircase to the Ecumenical Temple.
  7589 | D:8      | Reached skill level 9 in Shields
  7691 | D:8      | Noticed a two-headed ogre
  7720 | D:8      | Reached skill level 10 in Long Blades
  7727 | D:8      | Killed a two-headed ogre
  7727 | D:8      | Reached ** piety under Okawaru
  7727 | D:8      | Reached skill level 10 in Shields
  7727 | D:8      | Reached XP level 10. HP: 56/84 MP: 6/9
  8521 | D:8      | Found a staircase to the Lair.
  8662 | D:9      | Noticed a two-headed ogre
  8682 | D:9      | Killed a two-headed ogre
  8682 | D:9      | Reached *** piety under Okawaru
  9503 | D:9      | Reached **** piety under Okawaru
  9503 | D:9      | Reached skill level 11 in Shields
  9909 | D:10     | Entered Level 10 of the Dungeon
 10036 | D:10     | Noticed an ice dragon
 10037 | D:10     | Found the +2 shield of Resistance {rF+ rC+ MR+}
 10047 | D:10     | Noticed a fire dragon
 10047 | D:10     | Noticed an ice dragon
 10048 | D:10     | Noticed a fire dragon
 10049 | D:10     | Found a runed translucent door.
 10049 | D:10     | Found a runed translucent door.
 10288 | D:10     | Reached XP level 11. HP: 81/94 MP: 10/10
 10832 | D:11     | Reached ***** piety under Okawaru
 10876 | D:11     | Noticed a two-headed ogre
 10898 | D:11     | Killed a two-headed ogre
 10898 | D:11     | Reached skill level 10 in Armour
 11016 | D:11     | Found a frozen archway.
 11037 | D:11     | Reached skill level 12 in Shields
 11139 | IceCv    | Entered an ice cave
 11408 | IceCv    | Noticed a death yak
 11410 | IceCv    | Noticed a death yak
 11434 | IceCv    | Killed a death yak
 11445 | IceCv    | Killed a death yak
 11445 | IceCv    | Received a gift from Okawaru
 12167 | IceCv    | Reached skill level 13 in Shields
 12181 | IceCv    | Reached XP level 12. HP: 98/106 MP: 11/11
 12260 | IceCv    | Noticed a frost giant
 12305 | IceCv    | Killed a frost giant
 12305 | IceCv    | Reached skill level 10 in Fighting
 12317 | IceCv    | Reached skill level 1 in Invocations
 13643 | D:11     | Noticed a two-headed ogre
 13659 | D:11     | Killed a two-headed ogre
 13724 | D:11     | Received a gift from Okawaru
 13904 | D:10     | Reached skill level 14 in Shields
 14594 | D:12     | Found a staircase to the Orcish Mines.
 15020 | D:12     | Received a gift from Okawaru
 15048 | D:12     | Got a steaming falchion {god gift}
 15049 | D:12     | Identified the +6 falchion "Idih Jil" {slice, +Blink rN+
                  | Dex-3 Stlth+} (Okawaru gifted it to you on level 12 of the
                  | Dungeon)
 15450 | D:12     | Noticed a two-headed ogre
 15459 | D:12     | Reached XP level 13. HP: 116/116 MP: 13/13
 15609 | D:12     | Found a blossoming altar of Fedhas.
 15892 | Lair:1   | Entered Level 1 of the Lair of Beasts
 15926 | Lair:1   | Reached ****** piety under Okawaru
 15926 | Lair:1   | Reached skill level 15 in Shields
 16133 | Lair:1   | Received a gift from Okawaru
 16133 | Lair:1   | Reached skill level 1 in Stealth
 18102 | Lair:3   | Found a radiant altar of Vehumet.
 18362 | Lair:3   | Reached skill level 15 in Long Blades
 18902 | D:12     | Received a gift from Okawaru
 19169 | Orc:1    | Entered Level 1 of the Orcish Mines
 19173 | Orc:1    | Reached skill level 16 in Shields
 19656 | Orc:1    | Noticed an ettin
 19674 | Orc:1    | Killed an ettin
 19855 | Orc:1    | Found Fufusef's Magic Scroll Shop.
 19867 | Orc:1    | Bought a scroll of amnesia for 45 gold pieces
 19867 | Orc:1    | Bought a scroll of enchant weapon for 97 gold pieces
 19867 | Orc:1    | Bought a scroll of enchant armour for 97 gold pieces
 19875 | Orc:1    | Bought a scroll of identify for 26 gold pieces
 19875 | Orc:1    | Bought a scroll of identify for 26 gold pieces
 20036 | Orc:2    | Entered Level 2 of the Orcish Mines
 20036 | Orc:2    | Found a gate leading to a gauntlet.
 20036 | Orc:2    | Found a staircase to the Elven Halls.
 20043 | Gauntlet | Entered a Gauntlet
 20043 | Gauntlet | Found a transporter.
 20043 | Gauntlet | Found a transporter.
 20043 | Gauntlet | Found a transporter.
 20044 | Gauntlet | Found a transporter.
 20045 | Gauntlet | Found a transporter.
 20048 | Gauntlet | Found a transporter.
 20055 | Gauntlet | Found a transporter.
 20057 | Gauntlet | Found a transporter.
 20057 | Gauntlet | Found a transporter.
 20059 | Gauntlet | Found a transporter.
 20068 | Gauntlet | Found a transporter.
 20070 | Gauntlet | Found a transporter.
 20238 | Gauntlet | Reached XP level 14. HP: 113/126 MP: 12/14
 20340 | Gauntlet | Got a twisted cloak
 20351 | Gauntlet | Identified the +4 cloak of Jigsaw {MR- Dex+6} (You found it
                  | in a Gauntlet)
 21106 | Orc:2    | Found Vumeoch's Distillery.
 21578 | Orc:2    | Reached skill level 17 in Shields
 22557 | Orc:2    | Gained mutation: Your body sometimes deteriorates upon
                  | taking damage. [a neqoxec]
 22901 | Orc:2    | Received a gift from Okawaru
 22932 | Orc:2    | Got a crystal scimitar {god gift}
 22933 | Orc:2    | Identified the +0 scimitar of Okawaru's Benevolence {venom,
                  | rPois} (Okawaru gifted it to you on level 2 of the Orcish
                  | Mines)
 23221 | Orc:2    | Found Bomn's Magic Scroll Shoppe.
 23221 | Orc:2    | Found Ymys's Food Shoppe.
 23246 | Orc:2    | Found Niusuxol's Book Shoppe.
 23246 | Orc:2    | Found Kucluklot's Antique Weapon Emporium.
 23259 | Orc:2    | Bought 2 scrolls of identify for 60 gold pieces
 23673 | D:13     | Reached skill level 1 in Polearms
 23768 | D:13     | Noticed Sonja
 23781 | D:13     | Reached skill level 1 in Evocations
 23842 | D:13     | Killed Sonja
 24207 | D:13     | Received a gift from Okawaru
 24322 | D:13     | Found a gate to the Vaults.
 24379 | D:13     | Reached skill level 18 in Shields
 24533 | D:13     | Noticed Snorg
 24551 | D:13     | Killed Snorg
 25475 | Lair:3   | Reached XP level 15. HP: 136/136 MP: 15/15
 25684 | Lair:3   | Found a staircase to the Shoals.
 26062 | Lair:4   | Noticed Kirke
 26084 | Lair:4   | Noticed a sphinx
 26089 | Lair:4   | Killed Kirke
 26119 | Lair:4   | Found a hole to the Spider Nest.
 26608 | Lair:4   | Received a gift from Okawaru
 26611 | Lair:4   | Got a shimmering plate armour {god gift}
 26622 | Lair:4   | Identified the +1 plate armour of Guesiet {Int+2} (Okawaru
                  | gifted it to you on level 4 of the Lair of Beasts)
 26858 | Lair:4   | Got a crystal dagger
 26859 | Lair:4   | Identified the +7 dagger of the Tiger {antimagic, rPois rC+
                  | rN+ Int-3} (You found it on level 4 of the Lair of Beasts)
 26862 | Lair:4   | Got a scorched war axe
 26863 | Lair:4   | Identified the cursed +0 war axe "Kopiehorch" {venom,
                  | Int+2} (You found it on level 4 of the Lair of Beasts)
 28120 | Lair:5   | Noticed Nessos
 28148 | Lair:5   | Killed Nessos
 28306 | Lair:5   | Found a viscous altar of Jiyva.
 28307 | Lair:5   | Found a staircase to the Slime Pits.
 28424 | Lair:6   | Entered Level 6 of the Lair of Beasts
 28757 | Lair:6   | Reached skill level 19 in Shields
 29266 | Lair:6   | Found a runed translucent door.
 29266 | Lair:6   | Noticed xXDeathSunXx's ghost (journeyman MiFi)
 30617 | Lair:6   | Received a gift from Okawaru
 30621 | Lair:6   | Got a polished scimitar {god gift}
 30622 | Lair:6   | Identified the +4 scimitar "Aloveg" {freeze, *Noise rN++
                  | Str-3 Dex+3} (Okawaru gifted it to you on level 6 of the
                  | Lair of Beasts)
 30701 | Lair:6   | Identified Dojaod's Reference Book on Transformation
 31229 | D:13     | Reached XP level 16. HP: 147/147 MP: 17/17
 31402 | D:14     | Noticed Louise
 31430 | D:14     | Cast into level 2 of the Abyss (Louise)
 31445 | Abyss:2  | Found a corrupted altar of Lugonu.
 31519 | Abyss:2  | Noticed a bone dragon
 31532 | D:14     | Escaped the Abyss
 31538 | D:14     | Killed Louise
 32142 | D:14     | Noticed Azrael
 32160 | D:14     | Killed Azrael
 32160 | D:14     | Reached skill level 15 in Armour
 33711 | Shoals:1 | Entered Level 1 of the Shoals
 33711 | Shoals:1 | Noticed a kraken
 33734 | Shoals:1 | Killed a kraken
 34238 | Shoals:1 | Reached skill level 15 in Fighting
 34256 | Shoals:1 | Received a gift from Okawaru
 34357 | Shoals:1 | Got a dazzling dagger {god gift}
 34358 | Shoals:1 | Identified the +9 dagger of the Shark {speed, Str+2}
                  | (Okawaru gifted it to you on level 1 of the Shoals)
 34525 | Shoals:1 | Noticed a kraken
 34538 | Shoals:1 | Killed a kraken
 34918 | Shoals:1 | Reached skill level 20 in Shields
 34942 | Shoals:1 | Slain by a snapping turtle

Levels and vault maps discovered:
D:1:      kennysheep_arrival_seaside, layout_basic
D:2:      layout_rooms
D:3:      layout_basic, lemuel_crystal_altar, first_ration, fedhas_altar_2
D:4:      layout_gridville, xom_redecorated
D:5:      layout_basic
D:6:      layout_loops_ring, minitemple, uniq_crazy_yiuf_cottage, uniq_eustachio
D:7:      layout_loops_ring, kennysheep_okawaru_gauntlet,
          minmay_temple_entry_stoned_glass, grunt_ogre_cave,
          minmay_misc_feat_encased, minmay_quadrilaterals
D:8:      layout_basic, lair_entry_dummy, serial_bayou_crossing
D:9:      layout_basic
D:10:     layout_basic, minmay_misc_feat_square,
          minmay_guarded_unrand_resistance
D:11:     minmay_evil_eye, layout_cross, serial_ice, serial_ice_c, serial_ice_o,
          serial_ice_d, serial_ice_n, portal_ice_cave_demonic_guard
D:12:     layout_gridville, orc_0_dummy, basic_altar, laboratory
D:13:     layout_cave_pools, grunt_vaults_entry_tiered, minivault_1, uniq_sonja,
          uniq_snorg
D:14:     layout_long_grid, hangedman_abyss_or_decor_lesser_grid, uniq_azrael,
          uniq_louise
Lair:1:   layout_misc_corridors, lemuel_fruit_tree
Lair:2:   layout_regular_city, lemuel_fruit_fields, grunt_megastairs_2
Lair:3:   layout_chaotic_city, minmay_shoals_entry_lonely_mermaid, basic_altar,
          grunt_megastairs_5, serial_bayou_shore_a
Lair:4:   cheibrodos_lair_river_kwai, layout_regular_city,
          spider_nest_entry_webs, chequers_serial_rivers_micro_a, uniq_kirke
Lair:5:   layout_cave_pods, dpeg_slime_entry_enclosed_altar, uniq_nessos
Lair:6:   due_jungle_book, layout_hall_layers, ebering_ghost_inner_flame,
          serial_bayou_pond_e, kennysheep_basilisk_garden
Shoals:1: layout_shoals, nicolae_shoals_kraken_intersection
Orc:1:    layout_caves, serial_shops, shop
Orc:2:    st_orc_pillars, layout_diamond_mine, serial_shops,
          nicolae_shop_window_shopping, gauntlet_entry_generic

Skill      XL: |  1  2  3  4  5  6  7  8  9 10 11 12 13 14 15 16 |
---------------+-------------------------------------------------+-----
Fighting       | 4 5 6 8 9 11 12 13 14 15 | 15.1
Armour         | 4 5 6 8 9 10 11 12 13 14 15 | 15.3
Shields        | 4 5 6 7 10 11 13 14 16 18 19 20 | 20.0
Long Blades    | 3 4 5 6 8 10 12 13 14 15 16 | 16.5
Dodging        | 1 2 3 4 |  4.3
Invocations    | 1 2 3 |  3.3
Stealth        | 1 |  1.9
Polearms       | 1 4 |  4.1
Evocations     | 1 |  1.5

Action                   |  1- 3 |  4- 6 |  7- 9 | 10-12 | 13-15 | 16-18 || total
-------------------------+-------+-------+-------+-------+-------+-------++-------
Melee: Long sword        |    83 |   200 |   431 |  1007 |       |       ||  1721
       Headbutt          |     9 |    30 |    80 |   268 |   626 |   100 ||  1113
       Falchion          |       |       |       |    28 |  2022 |   110 ||  2160
       Spear             |       |       |       |       |    56 |       ||    56
       Demon blade       |       |       |       |       |       |   232 ||   232
Invok: Heroism           |       |       |     1 |    15 |    23 |     6 ||    45
Evoke: Wand              |       |       |       |       |    23 |       ||    23
  Use: Scroll            |       |     3 |     2 |    14 |    13 |     4 ||    36
       Potion            |       |     1 |     1 |     7 |     4 |     3 ||    16
  Eat: Chunk             |       |     9 |    10 |    18 |    39 |     9 ||    85
       Ration            |       |       |     1 |     2 |     4 |     1 ||     8
Armor: Scale mail        |     1 |       |       |       |       |       ||     1
       Chain mail        |    44 |   153 |     9 |       |       |       ||   206
       Plate armour      |       |       |   199 |   403 |   762 |   196 ||  1560
Dodge: Dodged            |    20 |    45 |    79 |   176 |   417 |   146 ||   883
       Deflected         |       |       |       |     6 |     3 |       ||     9
Block: Shield            |    57 |   119 |   281 |   696 |  1369 |   369 ||  2891
       Rpst.: Long sword |     7 |    15 |    23 |    47 |       |       ||    92
       Falchion          |       |       |       |       |    95 |     5 ||   100
       Demon blade       |       |       |       |       |       |    22 ||    22

Table legend:
 A = Non-vault XP
 B = Vault XP
 C = Vault XP percentage of total XP
 D = Non-vault monster count
 E = Vault monster count
 F = Vault count percentage of total count
                 A         B        C        D         E       F
            +---------+---------+-------+---------+---------+-------
      Total |  115768 |   66928 |  36.6 |     681 |     225 |  24.8
            +---------+---------+-------+---------+---------+-------
        D:1 |      36 |       0 |   0.0 |      20 |       0 |   0.0
        D:2 |     116 |       0 |   0.0 |      29 |       0 |   0.0
        D:3 |     307 |       0 |   0.0 |      19 |       0 |   0.0
        D:4 |     228 |       0 |   0.0 |      12 |       0 |   0.0
        D:5 |     802 |       0 |   0.0 |      30 |       0 |   0.0
        D:6 |     481 |     233 |  32.6 |      12 |       2 |  14.3
        D:7 |    1463 |     304 |  17.2 |      35 |       8 |  18.6
        D:8 |    2510 |       0 |   0.0 |      40 |       0 |   0.0
        D:9 |    3013 |       0 |   0.0 |      36 |       0 |   0.0
       D:10 |    3601 |    4230 |  54.0 |      32 |       5 |  13.5
       D:11 |    5768 |    1525 |  20.9 |      33 |      12 |  26.7
       D:12 |   12003 |    4428 |  26.9 |      54 |      13 |  19.4
       D:13 |    6988 |    8541 |  55.0 |      41 |      27 |  39.7
       D:14 |    4531 |    4066 |  47.3 |      13 |       9 |  40.9
     Lair:1 |    6323 |       0 |   0.0 |      25 |       0 |   0.0
     Lair:2 |    1755 |     289 |  14.1 |       8 |       2 |  20.0
     Lair:3 |    8506 |    1407 |  14.2 |      33 |       5 |  13.2
     Lair:4 |    7034 |    5414 |  43.5 |      21 |      13 |  38.2
     Lair:5 |    8719 |    1380 |  13.7 |      27 |       1 |   3.6
     Lair:6 |   20896 |    3736 |  15.2 |      41 |      10 |  19.6
   Shoals:1 |   12555 |    2016 |  13.8 |      25 |       1 |   3.8
      Orc:1 |    3695 |       0 |   0.0 |      40 |       0 |   0.0
      Orc:2 |    4220 |   13071 |  75.6 |      53 |      68 |  56.2
    Abyss:2 |     218 |       0 |   0.0 |       2 |       0 |   0.0
      IceCv |       0 |   11236 | 100.0 |       0 |      40 | 100.0
   Gauntlet |       0 |    5052 | 100.0 |       0 |       9 | 100.0
            +---------+---------+-------+---------+---------+-------
